 Dungeon Crawl Stone Soup version 0.22-a0-533-g4d20840 (webtiles) character file.

10634 Mgcat the Severer (level 11, -3/88 HPs)
             Began as a Hill Orc Gladiator on June 22, 2018.
             Was an Elder of Makhleb.
             Slain by a freezing wraith (8 damage)
             ... on level 11 of the Dungeon.
             The game lasted 00:25:56 (8599 turns).

Mgcat the Severer (Hill Orc Gladiator)              Turns: 8599, Time: 00:25:57

Health: -3/88      AC: 14    Str: 21    XL:     11   Next: 65%
Magic:  14/14      EV: 16    Int:  8    God:    Makhleb [****..]
Gold:   414        SH:  4    Dex: 19    Spells: 10/10 levels left

rFire    + . .     SeeInvis .   a - +2 war axe
rCold    x . .     Gourm    .   (no shield)
rNeg     . . .     Faith    .   v - +0 chain mail
rPois    .         Spirit   .   c - +2 helmet
rElec    .         Reflect  .   (no cloak)
rCorr    .         Harm     .   (no gloves)
MR       .....                  C - +0 pair of boots
Stlth    ..........             b - amulet of regeneration {+regen, !d}
HPRegen  0.64/turn              m - ring of fire {rF+, rC-}
MPRegen  0.14/turn              (no ring)

@: agile, flying, slowed, very slow
A: large bone plates 1, agile 1
a: Minor Destruction, Lesser Servant of Makhleb, Major Destruction, Renounce
Religion


You were on level 11 of the Dungeon.
You worshipped Makhleb.
Makhleb was greatly pleased with you.
You were hungry.

You visited 1 branch of the dungeon, and saw 11 of its levels.

You collected 511 gold pieces.
You spent 97 gold pieces at shops.

Inventory:

Hand Weapons
 a - a +2 war axe (weapon)
 j - the +6 battleaxe of Dividends {drain, Dex+5 SInv}
   (You acquired it on level 9 of the Dungeon)

   A truly terrible weapon, it drains the life of those it strikes.
   It affects your dexterity (+5).
   It lets you see invisible.
 B - a +0 war axe
   (You found it on level 9 of the Dungeon)
Missiles
 d - 3 throwing nets {=f, !d}
 p - 9 tomahawks
 q - 3 javelins (quivered)
Armour
 c - a +2 helmet (worn)
 v - a +0 chain mail (worn)
   (You found it on level 6 of the Dungeon)
 C - a +0 pair of boots (worn)
   (You found it on level 8 of the Dungeon)
Jewellery
 b - an amulet of regeneration (around neck) {+regen, !d}
   (You found it on level 2 of the Dungeon)
 m - a ring of fire (left hand) {rF+, rC-}
   (You found it on level 5 of the Dungeon)
 H - an uncursed amulet of faith {Faith, !P}
   (You acquired it on level 10 of the Dungeon)
Wands
 h - a wand of clouds (5)
   (You found it on level 8 of the Dungeon)
 y - a wand of flame (21)
   (You found it on level 7 of the Dungeon)
 A - a wand of random effects (41)
   (You found it on level 7 of the Dungeon)
 D - a wand of scattershot (6)
   (You found it on level 9 of the Dungeon)
 E - a wand of paralysis (23)
   (You found it on level 10 of the Dungeon)
Scrolls
 i - a scroll of fog
 k - 6 scrolls of identify
 r - 5 scrolls of teleportation
 t - 7 scrolls of remove curse
 u - a scroll of amnesia
Potions
 l - a potion of ambrosia
 n - a potion of brilliance
 o - 4 potions of lignification {!q}
 s - 2 potions of curing
 w - 2 potions of flight
 x - a potion of agility
 z - a potion of berserk rage {!q}
Comestibles
 f - 22 rations
 F - 5 chunks of flesh {@w0}


   Skills:
 - Level 5.2 Fighting
 + Level 18.8 Axes
 - Level 1.7 Throwing
 - Level 5.0 Armour
 - Level 5.1 Dodging
 - Level 5.1 Invocations


You had 10 spell levels left.
You didn't know any spells.
Your spell library contained the following spells:

 Spells                   Type           Power        Failure   Level  Hunger
 Apportation              Tloc           #.....       98%         1    ##.....
 Confuse                  Hex            #.......     100%        3    ####...
 Mephitic Cloud           Conj/Pois/Air  #.......     100%        3    ####...
 Venom Bolt               Conj/Pois      #.........   100%        5    ######.
 Olgreb's Toxic Radiance  Pois           #.......     100%        4    #####..
 Summon Small Mammal      Summ           #...         98%         1    ##.....
 Animate Skeleton         Necr           N/A          98%         1    ##.....
 Sting                    Conj/Pois      #...         98%         1    ##.....
 Tukima's Dance           Hex            #.......     100%        3    ####...
 Spider Form              Tmut/Pois      #.........   100%        3    ####...
 Blade Hands              Tmut           #.........   100%        5    ######.
 Ice Form                 Ice/Tmut       #.......     100%        4    #####..
 Confusing Touch          Hex            #.....       98%         1    ##.....
 Sticks to Snakes         Tmut           #.......     99%         2    ###....
 Ensorcelled Hibernation  Hex/Ice        #.....       99%         2    ###....
 Corona                   Hex            #......      98%         1    ##.....
 Beastly Appendage        Tmut           #.....       98%         1    ##.....
 Dazzling Spray           Conj/Hex       #.....       100%        3    ####...
 Poisonous Vapours        Pois/Air       #.....       99%         2    ###....


Dungeon Overview and Level Annotations

Branches:
Dungeon (11/15)            Temple (0/1) D:4            Lair (0/6) D:10
    Orc (0/2) D:10

Altars:
Ashenzari
Gozag
Makhleb
Okawaru
Qazlal
Yredelemnul

Shops:
D:9 ?   D:10 !

Annotations:
D:5 Prince Ribbit
D:11 Gastronok


Innate Abilities, Weirdness & Mutations

You are partially covered in large bone plates. (SH +4)
You are agile. (Dex +2)


Message History

You slash the killer bee!
You kill the killer bee!
Makhleb accepts your kill.
The killer bee stings you but does no damage.
You closely miss the killer bee.
You feel sick. The killer bee barely misses you.
You miss the killer bee. The killer bee misses you.
The killer bee stings you but does no damage.
You feel agile all of a sudden. The killer bee misses you.
The killer bee stings you but does no damage.
You miss the killer bee. The killer bee completely misses you.
You closely miss the killer bee. The killer bee barely misses you.
You miss the killer bee. The killer bee closely misses you.
The killer bee stings you but does no damage.
You barely miss the killer bee.
You feel sick. The killer bee misses you.
You slice the killer bee!!
You kill the killer bee!
Makhleb accepts your kill.
You feel better.
The howler monkey hoots and howls with incredible vigour!
You hear an angry buzzing noise.
You hear an angry hiss.
You barely miss the killer bee.
The killer bee stings you but does no damage.
The killer bee barely misses you.
You hit the killer bee but do no damage.
You block the killer bee's attack.
You slash the killer bee!
The killer bee is heavily wounded.
The killer bee barely misses you.
You hit the killer bee.
The killer bee is severely wounded.
You hit the freezing wraith.
You feel sick.
You are no longer poisoned.
The killer bee barely misses you. The killer bee misses you.
You hit the freezing wraith.
The freezing wraith is lightly damaged.
You miss the killer bee. The killer bee closely misses you.
The freezing wraith hits you. The freezing wraith freezes you!!
You feel a terrible chill! The freezing wraith misses you.
You hit the freezing wraith but do no damage.
The freezing wraith is lightly damaged.
You hit the killer bee. The killer bee closely misses you.
A glowing orange brain comes into view.
The freezing wraith closely misses you. The freezing wraith barely misses you.
The killer bee misses you.
You feel very buoyant.
You fly up into the air.
The killer bee completely misses you. The freezing wraith closely misses you.
The freezing wraith hits you. The freezing wraith drains your vigour!
You feel yourself slow down.
The killer bee stings you but does no damage.
A killer bee comes into view.
Unknown command.
Okay, then.
Unknown command.
Unknown command.
You are confused.
You feel invigorated. The killer bee closely misses you.
The killer bee barely misses you.
The glowing orange brain blinks!
The freezing wraith barely misses you.
The freezing wraith hits you but does no damage.
The killer bee stings you but does no damage.
You're too confused to move!
The killer bee closely misses you.
The howler monkey hoots and howls with incredible vigour!
The freezing wraith hits you but does no damage.
The freezing wraith hits you. The killer bee misses you.
The freezing wraith hits you. The freezing wraith freezes you!
You feel a terrible chill! The freezing wraith hits you.
The freezing wraith drains your vigour!
You feel as though you will be slow longer.
The killer bee stings you but does no damage.
You completely miss the killer bee.
The killer bee is almost dead.
You hit the freezing wraith but do no damage.
You closely miss the two-headed ogre. The killer bee closely misses you.
The two-headed ogre hits you with a giant club!!
* * * LOW HITPOINT WARNING * * *
The two-headed ogre closely misses you.
The freezing wraith hits you but does no damage. x2
The killer bee stings you but does no damage.
The killer bee barely misses you. The killer bee completely misses you.
You see here a killer bee corpse.
You feel less invigorated.
You feel less confused.
As you read the scroll of fear, it crumbles to dust.
You assume a fearsome visage.
The freezing wraith is unaffected.
The killer bee looks frightened!
The glowing orange brain resists with some effort.
The killer bee looks frightened!
The orc looks frightened!
The howler monkey looks frightened!
The two-headed ogre looks frightened!
The killer bee looks frightened! x2; The freezing wraith barely misses you.
The freezing wraith hits you but does no damage.
Gastronok the Ponderous comes into view.
The two-headed ogre screams, "Help!"
The freezing wraith hits you!
* * * LOW HITPOINT WARNING * * *
The freezing wraith freezes you!
You feel a terrible chill!
* * * LOW HITPOINT WARNING * * *
The freezing wraith hits you!
You die...

y.# ..#...#.. #..
#.....#...#.... o# #.#
#.###.###.###...#.#.##....
. .. ...#...#....#.#.# ##
. .. #.. #...#...#...
##.###.###.###.###...
...#...#...#...#..... #..
#..G#....#.#....#
##.###.###...#.#.####
#...#W@.#.....#..#
#..†#......#.#.
##o###.#...# # #hy. ......
.yy#.. .....# ##.# #.#
....# y. .. ...#w ..# ...
.#. #.# #..


You could see Gastronok, a glowing orange brain, a freezing wraith, an orc
warrior, a howler monkey (fleeing) and 4 killer bees.

Vanquished Creatures
  A two-headed ogre (D:11)
  An unseen horror (D:10)
  Pikel (D:5)
  A centaur zombie (D:10)
  A kobold demonologist (D:11)
  A hippogriff (D:10)
  Sigmund (D:4)
  A spriggan (D:10)
  Menkaure (D:4)
  An acid dragon (D:11)
  A water moccasin (D:11)
  Purgy (D:4)
  An ice beast (D:10)
  5 black bears
  5 orc warriors
  4 ogres
  7 centaurs
  3 bullfrogs
  A big kobold (D:8)
  A gnoll sergeant (D:4)
  A wyvern zombie (D:6)
  3 scorpions
  23 killer bees
  12 wights
  4 howler monkeys
  3 electric eels (D:7)
  2 crimson imps
  5 hounds
  A jelly (D:7)
  5 orc priests
  3 iron imps (D:3)
  5 centaur skeletons
  An iguana (D:9)
  9 orc wizards
  9 worker ants
  A hound zombie (D:6)
  A hound skeleton (D:5)
  A worker ant zombie (D:10)
  12 gnolls
  8 adders
  A shadow imp (D:5)
  2 oozes
  An adder zombie (D:7)
  2 worms (D:3)
  3 dart slugs
  10 leopard geckos
  24 orcs
  6 bats
  8 giant cockroaches
  4 goblins
  5 hobgoblins
  14 jackals
  4 quokkas
  2 frilled lizards
  A giant cockroach zombie (D:5)
  12 kobolds
  2 quokka skeletons
  7 rats
256 creatures vanquished.

Vanquished Creatures (collateral kills)
  A two-headed ogre (D:11)
  An orc knight (D:11)
  A cyclops (D:11)
  A queen bee (D:11)
  A yak (D:11)
  9 killer bees (D:11)
  A hound (D:11)
  An iguana (D:11)
  A shadow imp (D:11)
17 creatures vanquished.

Vanquished Creatures (others)
  A quasit (D:5)
1 creature vanquished.

Grand Total: 274 creatures vanquished

Notes
Turn   | Place    | Note
-------+----------+-------------------------------------------
     0 | D:1      | Mgcat the Hill Orc Gladiator began the quest for the Orb.
     0 | D:1      | Reached XP level 1. HP: 18/18 MP: 1/1
    58 | D:1      | Reached XP level 2. HP: 20/25 MP: 2/2
    98 | D:1      | Reached skill level 5 in Axes
   223 | D:1      | You fall through a shaft!
   259 | D:2      | HP: 6/25 [adder (1)]
   263 | D:2      | Reached XP level 3. HP: 11/30 MP: 3/3
  1016 | D:2      | Reached skill level 6 in Axes
  1252 | D:2      | Reached XP level 4. HP: 28/37 MP: 4/4
  1632 | D:3      | Found a burning altar of Makhleb.
  1648 | D:3      | Reached skill level 7 in Axes
  1653 | D:3      | Reached XP level 5. HP: 37/42 MP: 5/5
  1667 | D:3      | Became a worshipper of Makhleb the Destroyer
  1797 | D:3      | Reached skill level 8 in Axes
  1881 | D:3      | Found a basalt altar of Yredelemnul.
  1996 | D:3      | Reached * piety under Makhleb
  2103 | D:4      | Noticed Sigmund
  2113 | D:4      | Noticed Purgy
  2122 | D:4      | Reached XP level 6. HP: 50/50 MP: 6/6
  2123 | D:4      | Killed Purgy
  2123 | D:4      | Reached skill level 9 in Axes
  2130 | D:4      | Killed Sigmund
  2130 | D:4      | Reached skill level 10 in Axes
  2130 | D:4      | Reached XP level 7. HP: 45/56 MP: 7/7
  2142 | D:3      | HP: 14/56 [worker ant (2)]
  2260 | D:4      | Noticed Menkaure
  2275 | D:4      | Killed Menkaure
  2275 | D:4      | Reached skill level 11 in Axes
  2417 | D:4      | Found an iron altar of Okawaru.
  2484 | D:4      | Found a staircase to the Ecumenical Temple.
  2704 | D:4      | Gained mutation: You are agile. (Dex +2) [potion of mutation]
  2704 | D:4      | Gained mutation: You are partially covered in large bone plates. (SH +4) [potion of mutation]
  2808 | D:4      | Reached XP level 8. HP: 54/62 MP: 8/8
  2818 | D:4      | Reached skill level 12 in Axes
  2914 | D:5      | Entered Level 5 of the Dungeon
  3102 | D:5      | Noticed Pikel
  3127 | D:5      | Killed Pikel
  3127 | D:5      | Reached skill level 13 in Axes
  3226 | D:5      | Reached skill level 14 in Axes
  3271 | D:5      | Found an opulent altar of Gozag.
  3407 | D:5      | Noticed Prince Ribbit
  3409 | D:5      | Reached ** piety under Makhleb
  3409 | D:5      | Reached skill level 3 in Fighting
  3540 | D:5      | Reached XP level 9. HP: 69/70 MP: 9/9
  3707 | D:6      | Reached skill level 4 in Fighting
  3735 | D:6      | Reached skill level 5 in Fighting
  3740 | D:6      | Reached skill level 1 in Armour
  3743 | D:6      | Reached skill level 2 in Armour
  3936 | D:6      | Reached skill level 3 in Armour
  3945 | D:6      | Reached skill level 4 in Armour
  4306 | D:7      | Reached skill level 5 in Armour
  4506 | D:7      | Reached skill level 3 in Dodging
  4604 | D:7      | Reached *** piety under Makhleb
  4604 | D:7      | Reached skill level 4 in Dodging
  5161 | D:8      | Reached skill level 5 in Dodging
  5209 | D:8      | Reached skill level 1 in Invocations
  5209 | D:8      | Reached XP level 10. HP: 81/81 MP: 9/11
  5286 | D:8      | Found a shattered altar of Ashenzari.
  5317 | D:8      | Reached skill level 2 in Invocations
  5437 | D:8      | Reached skill level 3 in Invocations
  5673 | D:8      | Found a stormy altar of Qazlal.
  5750 | D:8      | Reached skill level 4 in Invocations
  6344 | D:9      | Identified a scroll of acquirement
  6345 | D:9      | Got a brightly glowing battleaxe
  6346 | D:9      | Identified the +6 battleaxe of Dividends {drain, Dex+5 SInv} (You acquired it on level 9 of the Dungeon)
  6380 | D:9      | Reached skill level 5 in Invocations
  6382 | D:9      | Reached **** piety under Makhleb
  6410 | D:9      | Found Lixt's Magic Scroll Shop.
  6423 | D:9      | Bought a scroll of enchant weapon for 97 gold pieces
  6857 | D:10     | Entered Level 10 of the Dungeon
  6945 | D:10     | Reached skill level 15 in Axes
  7055 | D:10     | Found a staircase to the Orcish Mines.
  7225 | D:10     | Killed an unseen horror
  7225 | D:10     | Reached skill level 16 in Axes
  7326 | D:10     | Found Vaom's Distillery.
  7441 | D:10     | Reached XP level 11. HP: 88/88 MP: 14/14
  7869 | D:10     | Found a staircase to the Lair.
  7969 | D:11     | Reached skill level 17 in Axes
  8114 | D:11     | Noticed a two-headed ogre
  8121 | D:11     | Killed a two-headed ogre
  8296 | D:11     | Noticed an orc knight
  8316 | D:11     | Noticed a two-headed ogre
  8432 | D:11     | Noticed a cyclops
  8437 | D:11     | Reached skill level 18 in Axes
  8467 | D:11     | Killed a cyclops
  8526 | D:11     | Killed an orc knight
  8553 | D:11     | Noticed a two-headed ogre
  8575 | D:11     | Killed a two-headed ogre
  8592 | D:11     | Noticed a glowing orange brain
  8596 | D:11     | HP: 14/88 [two-headed ogre/giant club (18)]
  8599 | D:11     | Noticed Gastronok
  8599 | D:11     | HP: 5/88 [freezing wraith (15)]
  8599 | D:11     | Slain by a freezing wraith

Vault maps used:
D:1:      lightli_arrival_boilingwater
D:2:      first_ration
D:3:      cheibrodos_helix_gallery, demons_altar, lemuel_round_altar
D:4:      kennysheep_okawaru_gauntlet, minmay_temple_entry_from_below_b,
          hangedman_decor_diamond_cutter, lightli_minifort, uniq_sigmund,
          uniq_menkaure, uniq_purgy
D:5:      nicolae_gozag_cash_rules_everything_around_me,
          mrwooster_statue_mirror, kennysheep_generic_room_8, uniq_pikel,
          uniq_prince_ribbit1
D:7:      serial_bayou_lagoon_b
D:8:      ashenzari_conservatory_becter, nicolae_qazlal_general_emergency,
          serial_co_window_serial, co_window_corner_a, co_window_paths_a,
          co_window_of_opportunity_a, co_window_paths_b,
          co_window_of_opportunity_a, co_window_paths_a, co_window_paths_b,
          co_window_unsneaky_path_a, co_window_corner_cb,
          co_window_of_opportunity_c, co_window_paths_e, co_window_4corner_b,
          glass_columns_a, glass_columns_a
D:9:      serial_shops, nicolae_shop_waterfront
D:10:     grunt_lair_entry_orc_guard_hut, david_orc_3, serial_shops, shop,
          the_bakery
D:11:     hangedman_what_comes_after_a, uniq_gastronok

Skill      XL: |  1  2  3  4  5  6  7  8  9 10 11 |
---------------+----------------------------------+-----
Axes           | 5 6 7 8 10 11 14 16 18 | 18.8
Fighting       | 3 5 |  5.2
Armour         | 5 |  5.0
Dodging        | 5 |  5.1
Invocations    | 1 5 |  5.1
Throwing       | |  1.7

Action                   |  1- 3 |  4- 6 |  7- 9 | 10-12 || total
-------------------------+-------+-------+-------+-------++-------
Melee: War axe           |    73 |   131 |   342 |   511 ||  1057
Throw: Tomahawk          |       |       |    10 |       ||    10
Invok: Lesser Servant of |       |       |       |    12 ||    12
       Minor Destruction |       |       |       |     3 ||     3
Evoke: Wand              |       |       |     4 |       ||     4
  Use: Potion            |     1 |     1 |     3 |     5 ||    10
       Scroll            |       |     4 |    11 |    10 ||    25
 Stab: Distracted        |       |       |       |     1 ||     1
  Eat: Chunk             |     1 |     3 |    10 |    11 ||    25
Armor: Leather armour    |     9 |       |       |       ||     9
       Ring mail         |    18 |     4 |       |       ||    22
       Scale mail        |       |    66 |    81 |       ||   147
       Chain mail        |       |       |    10 |   235 ||   245
Dodge: Dodged            |    42 |    73 |   107 |   208 ||   430
Block: Other             |       |       |    34 |    80 ||   114

Table legend:
 A = Spawn XP
 B = Non-spawn XP
 C = Spawn XP percentage of total XP
 D = Spawn monster count
 E = Non-spawn monster count
 F = Spawn count percentage of total count
 G = Total turns spent on level
                    A         B        C        D         E        F      G
               +---------+---------+-------+---------+---------+-------+---------
         Total |       0 |   15192 |   0.0 |       0 |     273 |   0.0 |  8599
               +---------+---------+-------+---------+---------+-------+---------
           D:1 |       0 |      35 |   0.0 |       0 |      14 |   0.0 |   647
           D:2 |       0 |      48 |   0.0 |       0 |      14 |   0.0 |   907
           D:3 |       0 |     243 |   0.0 |       0 |      35 |   0.0 |   675
           D:4 |       0 |     955 |   0.0 |       0 |      18 |   0.0 |   723
           D:5 |       0 |    1077 |   0.0 |       0 |      20 |   0.0 |   697
           D:6 |       0 |     874 |   0.0 |       0 |      24 |   0.0 |   636
           D:7 |       0 |    1240 |   0.0 |       0 |      23 |   0.0 |   860
           D:8 |       0 |     604 |   0.0 |       0 |      22 |   0.0 |  1079
           D:9 |       0 |     626 |   0.0 |       0 |      17 |   0.0 |   647
          D:10 |       0 |    4018 |   0.0 |       0 |      34 |   0.0 |  1060
          D:11 |       0 |    5472 |   0.0 |       0 |      52 |   0.0 |   668
               +---------+---------+-------+---------+---------+-------+---------

Vault maps used:
D:1:      lightli_arrival_boilingwater
D:2:      first_ration
D:3:      cheibrodos_helix_gallery, demons_altar, lemuel_round_altar
D:4:      kennysheep_okawaru_gauntlet, minmay_temple_entry_from_below_b,
          hangedman_decor_diamond_cutter, lightli_minifort, uniq_sigmund,
          uniq_menkaure, uniq_purgy
D:5:      nicolae_gozag_cash_rules_everything_around_me,
          mrwooster_statue_mirror, kennysheep_generic_room_8, uniq_pikel,
          uniq_prince_ribbit1
D:7:      serial_bayou_lagoon_b
D:8:      ashenzari_conservatory_becter, nicolae_qazlal_general_emergency,
          serial_co_window_serial, co_window_corner_a, co_window_paths_a,
          co_window_of_opportunity_a, co_window_paths_b,
          co_window_of_opportunity_a, co_window_paths_a, co_window_paths_b,
          co_window_unsneaky_path_a, co_window_corner_cb,
          co_window_of_opportunity_c, co_window_paths_e, co_window_4corner_b,
          glass_columns_a, glass_columns_a
D:9:      serial_shops, nicolae_shop_waterfront
D:10:     grunt_lair_entry_orc_guard_hut, david_orc_3, serial_shops, shop,
          the_bakery
D:11:     hangedman_what_comes_after_a, uniq_gastronok

Table legend:
 A = Turns spent in this place as a percentage of turns spent in the entire game.
 B = Non-inter-level travel turns spent in this place as a percentage of non-inter-level travel turns spent in the entire game.
 C = Inter-level travel turns spent in this place as a percentage of turns spent in this place.
 D = Turns resting spent in this place as a percentage of non-inter-level travel turns spent in this place.
 E = Turns spent auto-exploring this place as a percentage of non-inter-level travel turns spent in this place.
 F = Non-inter-level travel turns spent in this place divided by the number of levels of this place that you've seen.
                   A       B       C       D       E      F
               +-------+-------+-------+-------+-------+----------------------
         Total | 100.0 | 100.0 |   4.4 |   1.2 |  74.3 | 747.2
       Dungeon | 100.0 | 100.0 |   4.4 |   1.2 |  74.3 | 747.2
               +-------+-------+-------+-------+-------+----------------------

Table legend:
 A = Kills in this place as a percentage of kills in entire the game.
 B = Kills by you in this place as a percentage of kills by you in the entire game.
 C = Kills by friends in this place as a percentage of kills by friends in the entire game.
 D = Other kills in this place as a percentage of other kills in the entire game.
 E = Experience gained in this place as a percentage of experience gained in the entire game.
 F = Experience gained in this place divided by the number of levels of this place that you have seen.
                   A       B       C       D       E      F
               +-------+-------+-------+-------+-------+----------------------
         Total | 100.0 | 100.0 | 100.0 |   N/A | 100.0 | 1381.1
       Dungeon | 100.0 | 100.0 | 100.0 |   N/A | 100.0 | 1381.1
               +-------+-------+-------+-------+-------+----------------------
